 Dungeon Crawl Stone Soup version 0.23.2-1-ga50397a (webtiles) character file.

Game seed: 4217952957404525532

4931 troglodite the Bolt Thrower (level 10, -7/73 HPs)
             Began as a Centaur Arcane Marksman on May 20, 2019.
             Was an Initiate of Hepliaklqana.
             Killed by divine providence
             ... invoked by an orc priest
              (11 damage)
             ... on level 8 of the Dungeon.
             The game lasted 00:53:57 (15662 turns).

troglodite the Bolt Thrower (CeAM)                 Turns: 15662, Time: 00:53:58

Health: -7/73      AC: 18    Str: 13    XL:     10   Next: 27%
Magic:  15/15      EV: 10    Int: 12    God:    Hepliaklqana [......]
Gold:   513        SH:  0    Dex: 13    Spells: 11/16 levels left

rFire    . . .     SeeInvis .   E - +6 flail (protect)
rCold    + . .     Gourm    .   (no shield)
rNeg     . . .     Faith    +   o - +3 ring mail {rC+}
rPois    .         Spirit   .   e - +0 helmet
rElec    .         Reflect  .   g - +0 cloak
rCorr    .         Harm     .   (no gloves)
MR       +....                  (no barding)
Stlth    ..........             t - amulet of faith
HPRegen  0.22/turn              l - ring of wizardry
MPRegen  0.14/turn              y - ring of protection from magic

@: protection aura, very quick
A: large, reduced essence, hooves 3, deformed body, speed 2, tough skin 3
a: Recall Ancestor, Ancestor Identity, Renounce Religion


You were on level 8 of the Dungeon.
You worshipped Hepliaklqana.
Hepliaklqana was noncommittal.
You were hungry.

You visited 2 branches of the dungeon, and saw 9 of its levels.
You also visited: Sewer.

You collected 633 gold pieces.
You spent 120 gold pieces at shops.

Inventory:

Hand Weapons
 a - a +1 hand crossbow
 E - a +6 flail of protection (weapon)
Missiles
 d - 45 bolts
Armour
 e - a +0 helmet (worn)
 g - a +0 cloak (worn)
 o - a +3 ring mail of cold resistance (worn)
Jewellery
 h - an uncursed ring of stealth
 k - an uncursed ring of flight
 l - a ring of wizardry (left hand)
 t - an amulet of faith (around neck)
 y - a ring of protection from magic (right hand)
Wands
 x - a wand of digging (6)
 z - a wand of enslavement (9)
 C - a wand of flame (19)
Scrolls
 b - 6 scrolls of teleportation
 i - 2 scrolls of fear
 s - a scroll of blinking
 F - 2 scrolls of identify
 G - a scroll of enchant armour
 H - a scroll of enchant weapon
Potions
 c - 2 potions of curing
 j - a potion of brilliance
 m - 6 potions of lignification
 n - 3 potions of magic
 p - a potion of invisibility
 q - 3 potions of haste {unknown}
 r - a potion of ambrosia {unknown}
 u - 2 potions of berserk rage
 v - a potion of heal wounds
 w - a potion of mutation {unknown}
 A - 2 potions of cancellation
 B - a potion of flight {unknown}
 D - a potion of agility {unknown}
Comestibles
 f - 12 rations
 I - a chunk of flesh


   Skills:
 * Level 5.6 Fighting
   Level 4.0 Short Blades
 * Level 4.4 Maces & Flails
 * Level 7.3 Crossbows
 + Level 3.6 Armour
 * Level 4.5 Dodging
 + Level 0.5 Stealth
 * Level 3.5 Spellcasting
 * Level 5.6 Hexes


You had 11 spell levels left.
You knew the following spells:

 Your Spells              Type           Power        Failure   Level  Hunger
a - Corona                Hex            ###....      1%          1    #......
b - Cause Fear            Hex            ###.......   19%         4    #####..

Your spell library contained the following spells:

 Spells                   Type           Power        Failure   Level  Hunger
 Slow                     Hex            ###.....     3%          2    ##.....
 Inner Flame              Hex/Fire       #.......     17%         3    ###....
 Portal Projectile        Hex/Tloc       #.....       17%         3    ###....
 Leda's Liquefaction      Hex/Erth       #.........   50%         4    #####..


Dungeon Overview and Level Annotations

Branches:
Dungeon (8/15)             Temple (1/1) D:7
   Lair: D:8-11

Altars:
Cheibriados
Elyvilon
Fedhas
Gozag
Hepliaklqana
Makhleb
Nemelex Xobeh
Ru
Sif Muna
Trog
Uskayaw
Vehumet
Wu Jian
Xom
Yredelemnul
Zin
The Shining One

Shops:
D:4 ??=!


Innate Abilities, Weirdness & Mutations

You have hooves in place of feet.
Armour fits poorly on your strangely shaped body.
You cover ground very quickly.
You have extremely tough skin. (AC +3)
Your life essence is reduced to manifest your ancestor. (-10% HP)


Message History

The orc priest mumbles some strange prayers to Beogh against you.
Beogh smites you!
* * * LOW HITPOINT WARNING * * *
The orc priest closely misses you.
You see here a jackal skeleton.
You hit the orc priest.
Your weapon exudes an aura of protection.
You kick the orc priest, but do no damage.
The orc priest is moderately wounded.
The orc priest hits you but does no damage.
You closely miss the orc priest.
The orc priest is moderately wounded.
Xylitol emerges from the mists of memory!
The orc priest invokes the aid of Beogh against you.
You easily resist.
You sock the orc priest! You kick the orc priest.
The orc priest is almost dead.
The orc priest mumbles some strange prayers to Beogh against you.
Beogh smites you!
You die...

#..#.##.#..........
#..#....#.##+##
#..#......#
#..#h###..# #..#.#
..# #..#h# ..#
#..#.# ..# #..#h#
..# #.@#.###..#
#..oR.......
#..######### #...
#.### #.# #.# #.#


You could see the friendly Xylitol the ancestor and an orc priest.

Vanquished Creatures
  Grinder (D:3)
  Sigmund (D:5)
  4 hogs (D:7)
  A human (D:7)
  Menkaure (D:5)
  Edmund (D:6)
  Duvessa (D:6)
  An ice beast (D:6)
  2 orc warriors (D:6)
  A phantom (D:8)
  A necrophage (D:6)
  An ogre (D:7)
  2 centaurs
  9 big kobolds (D:5)
  2 bullfrogs
  Blork the orc (D:4)
  Dowan (D:6)
  A water moccasin zombie (D:4)
  6 scorpions
  9 killer bees
  A howler monkey (D:7)
  A jelly (D:8)
  3 crimson imps
  2 orc priests (D:6)
  A bullfrog skeleton (D:5)
  5 hounds
  3 centaur skeletons
  5 orc wizards
  Natasha (thrice) (D:4)
  Terence (D:3)
  An iguana (D:5)
  A worker ant (D:7)
  A hound zombie (D:8)
  5 gnolls
  11 adders
  A howler monkey skeleton (D:8)
  A shadow imp (D:7)
  6 worms
  4 dart slugs
  2 leopard geckos
  18 orcs
  9 giant cockroaches
  8 goblins
  11 hobgoblins
  17 jackals
  2 quokkas
  7 ball pythons
  12 bats
  9 frilled lizards
  54 kobolds
  14 rats
  3 plants (Sewer)
269 creatures vanquished.

Vanquished Creatures (collateral kills)
  A necrophage (D:8)
1 creature vanquished.

Vanquished Creatures (others)
  An ancestor (D:8)
1 creature vanquished.

Grand Total: 271 creatures vanquished

Notes
Turn   | Place    | Note
-------+----------+-------------------------------------------
     0 | D:1      | troglodite the Centaur Arcane Marksman began the quest for
                  | the Orb.
     0 | D:1      | Reached XP level 1. HP: 16/16 MP: 2/2
   217 | D:1      | Reached XP level 2. HP: 23/23 MP: 3/3
   781 | D:1      | Reached skill level 3 in Crossbows
   811 | D:1      | Reached XP level 3. HP: 24/28 MP: 4/4
  1281 | D:2      | Reached XP level 4. HP: 35/35 MP: 2/5
  1737 | D:2      | Reached skill level 4 in Crossbows
  2257 | D:3      | Noticed Terence
  2408 | D:3      | Reached XP level 5. HP: 39/40 MP: 6/6
  2780 | D:3      | Reached skill level 1 in Short Blades
  2824 | D:3      | Learned a level 4 spell: Cause Fear
  2852 | D:3      | Killed Terence
  3475 | D:3      | Noticed Grinder
  3491 | D:3      | Paralysed by Grinder for 4 turns
  3884 | D:3      | Killed Grinder
  3884 | D:3      | Reached XP level 6. HP: 48/48 MP: 5/8
  4029 | D:3      | Found a sparkling altar of Nemelex Xobeh.
  4155 | D:4      | Found a white marble altar of Elyvilon.
  4190 | D:4      | Reached skill level 5 in Crossbows
  4190 | D:4      | Reached skill level 1 in Armour
  4388 | D:4      | Noticed Natasha
  4422 | D:4      | Found Jasoasulei's Distillery.
  4433 | D:4      | Bought a potion of heal wounds for 60 gold pieces
  4437 | D:4      | Killed Natasha
  4625 | D:4      | Bought a potion of heal wounds for 60 gold pieces
  4634 | D:4      | Noticed Natasha
  4650 | D:4      | Killed Natasha
  4701 | D:4      | Reached XP level 7. HP: 24/56 MP: 9/9
  4752 | D:4      | Noticed Blork the orc
  4758 | D:4      | Found a glowing silver altar of Zin.
  4982 | D:4      | Found Askeohaj's Jewellery Shoppe.
  4983 | D:4      | Found Vumpuk's Magic Scroll Shoppe.
  5088 | D:4      | Found Pics's Magic Scroll Shop.
  5250 | D:4      | Noticed Natasha
  5254 | D:4      | Found Ucsost's Food Boutique.
  5267 | D:4      | Killed Natasha
  6010 | D:4      | Killed Blork the orc
  6398 | D:5      | Entered Level 5 of the Dungeon
  6605 | D:5      | Found a glowing drain.
  6749 | Sewer    | Entered a sewer
  7691 | D:5      | Noticed Sigmund
  8535 | D:5      | Reached XP level 8. HP: 58/63 MP: 9/11
  8975 | D:5      | Killed Sigmund
  9263 | D:5      | Noticed Menkaure
  9269 | D:5      | Killed Menkaure
  9514 | D:5      | Reached skill level 6 in Crossbows
 10488 | D:6      | Reached XP level 9. HP: 60/71 MP: 13/13
 10526 | D:6      | Noticed Dowan
 10530 | D:6      | Noticed Duvessa
 10656 | D:6      | Killed Duvessa
 11389 | D:6      | Noticed Edmund
 11616 | D:6      | Killed Dowan
 12068 | D:6      | Killed Edmund
 13279 | D:6      | Reached skill level 1 in Maces & Flails
 13350 | D:7      | Reached skill level 5 in Fighting
 13363 | D:7      | Reached skill level 5 in Hexes
 13559 | D:7      | Reached skill level 7 in Crossbows
 14224 | D:7      | Found a staircase to the Ecumenical Temple.
 14317 | D:7      | Reached XP level 10. HP: 53/81 MP: 15/15
 14834 | Temple   | Entered the Ecumenical Temple
 15001 | Temple   | Became a worshipper of Hepliaklqana the Forgotten
 15658 | D:8      | HP: 3/73 [orc priest/divine providence (15)]
 15662 | D:8      | Killed from afar by an orc priest

Skill      XL: |  1  2  3  4  5  6  7  8  9 10 |
---------------+-------------------------------+-----
Hexes          | 3 4 5 |  5.6
Crossbows      | 3 4 5 6 7 |  7.3
Short Blades   | 1 2 3 4 |  4.0
Dodging        | 2 3 4 |  4.5
Fighting       | 2 3 4 5 |  5.6
Armour         | 1 2 3 |  3.6
Spellcasting   | 2 3 |  3.5
Maces & Flails | 3 4 |  4.4
Stealth        | |  0.5

Action                   |  1- 3 |  4- 6 |  7- 9 | 10-12 || total
-------------------------+-------+-------+-------+-------++-------
Melee: Dagger            |       |   164 |   879 |       ||  1043
       Kick              |       |    38 |   302 |    22 ||   362
       Flail             |       |       |   130 |    76 ||   206
 Fire: Hand crossbow     |   126 |    41 |    60 |       ||   227
 Cast: Corona            |    14 |    23 |    55 |     2 ||    94
Invok: Ancestor Identity |       |       |       |     1 ||     1
  Use: Scroll            |       |     5 |    12 |     2 ||    19
       Potion            |       |     2 |     2 |     2 ||     6
  Eat: Chunk             |     1 |     7 |    11 |     1 ||    20
       Ration            |       |     1 |     6 |       ||     7
Armor: Robe              |    35 |     4 |       |       ||    39
       Ring mail         |       |    51 |   520 |    77 ||   648
Dodge: Dodged            |    54 |    81 |   478 |    63 ||   676
